[Event "NJSK 2023 Jeugd A"]
[Site "Almelo, Netherlands"]
[Date "2023.05.06"]
[Round "7.6"]
[White "Smid, Jelle"]
[Black "Wierenga, Jael"]
[Result "0-1"]
[TimeControl "90min/40moves + 30min + 30sec/move"]
[WhiteElo "1776"]
[BlackElo "1772"]

1. c4 e6 2. Nc3 d5 3. d4 a6 4. cxd5 exd5 5. Nf3 Nf6 6. Bg5 Be7 7. e3 O-O 8. Bd3 h6 9. Bh4 Re8 10.
O-O c6 11. Qc2 Ne4 12. Bxe7 Qxe7 13. Ne5 Nd7 14. Nxd7 Bxd7 15. Rae1 Nxc3 16. Qxc3 Qg5 17. Kh1 Re7 18. f3 Rae8 19.
e4 dxe4 20. fxe4 Be6 21. Rf3 Bg4 22. Rff1 Rd7 23. Bc4 Bh5 24.
d5 Bg6 25. dxc6 bxc6 26. Rf3 Rxe4 27. Rg3 Rxe1+ 28. Qxe1 Qe7 29. Qxe7 Rd1+ 30. Qe1 Rxe1+ 31. Bf1 Rxf1# 0-1

[Event "NJSK 2023 Jeugd A"]
[Site "Almelo, Netherlands"]
[Date "2023.05.06"]
[Round "7.7"]
[White "Adams, Oscar"]
[Black "Van Rootselaar, Rik"]
[Result "1-0"]
[TimeControl "90min/40moves + 30min + 30sec/move"]
[WhiteElo "1760"]
[BlackElo "1812"]

1. f4 d5 2. b3 Nf6 3. Bb2 g6 4. Nf3 Bg7 5. e3 O-O 6. a4 c5 7. Be2 Nc6 8. O-O b6 9. Bb5 Bb7 10.
Bxc6 Bxc6 11. Ne5 Bb7 12. d3 Qd6 13. Nd2 Ne8 14. Rf3 f6 15. Ng4 h5 16. Nf2 e5 17. f5 gxf5 18. Rxf5 Bh6 19.
Rf3 Ng7 20. d4 cxd4 21. e4 Bxd2 22. Qxd2 dxe4 23. Rg3 h4 24. Rh3 Kf7 25. Rf1 Qe6 26. Qe2 e3 27. Ng4 Ke8 28. Rxh4 f5 29. Ba3 Qd5 30. Bxf8 Kxf8 31. Nf6 Qc6 32. Nh5 Qg6 33. Ng3 Ke7 34.
Qb5 Kd6 35. a5 f4 36. axb6 fxg3 37. bxa7 gxh2+ 38. Rxh2 Qe4 39. Qb4+ Ke6 40. Rh6+ 1-0

[Event "NJSK 2023 Jeugd A"]
[Site "Almelo, Netherlands"]
[Date "2023.05.06"]
[Round "7.8"]
[White "Alvares, Thomas"]
[Black "Bon, Gijs"]
[Result "1-0"]
[TimeControl "90min/40moves + 30min + 30sec/move"]
[WhiteElo "1825"]
[BlackElo "1805"]

1. e4 c6 2. d4 d5 3. e5 Bf5 4. h4 h5 5. Bd3 Bxd3 6. Qxd3 e6 7. Nf3 c5 8. Be3 Qb6 9. Nc3 Nc6 10.
dxc5 Bxc5 11. Bxc5 Qxc5 12. O-O Nge7 13. Rfe1 Nf5 14. a3 Qa5 15. Rac1 Qd8 16. g3 a6 17. Ne2 b5 18. a4 b4 19.
c4 bxc3 20. Rxc3 Na5 21. Rec1 O-O 22. Ned4 Nxd4 23. Qxd4 Rb8 24. Ng5 Qb6 25. Qd3 g6 26. b3 Rb7 27. Qc2 Qd4 28. Re1 Rfb8 29.
Rc8+ Kg7 30. Rxb8 Rxb8 31. Qc7 Rb7 32. Qxa5 Qb2 33. Re3 Qa1+ 34. Kg2 Qb1 35. Rf3 d4 36. Qxa6 Rc7 37. Qd6 Qc2 38.
Qxd4 Qc6 39. Qd8 Rb7 40. Qf6+ Kg8 41. Nxf7 Rxb3 42. Qh8# 1-0

[Event "NJSK 2023 Jeugd A"]
[Site "Almelo, Netherlands"]
[Date "2023.05.06"]
[Round "8.1"]
[White "Van der Hagen, Loek"]
[Black "De Winter, Arthur"]
[Result "0-1"]
[TimeControl "90min/40moves + 30min + 30sec/move"]
[WhiteElo "2273"]
[BlackElo "2374"]

1. d4 Nf6 2. c4 g6 3. Nc3 Bg7 4.
e4 d6 5.
h3 O-O 6. Be3 e5 7. d5 Na6 8. g4 Nc5 9. f3 a5 10. Nge2 c6 11. Ng3 h5 12. Rg1 h4 13. Nf5 gxf5 14.
gxf5 Kh7 15. Qd2 Nh5 16. dxc6 bxc6 17. O-O-O Nb7 18. Rg4 Nf4 19. Bxf4 exf4 20. Qxf4 Bh6 0-1

[Event "NJSK 2023 Jeugd A"]
[Site "Almelo, Netherlands"]
[Date "2023.05.06"]
[Round "9.1"]
[White "De Winter, Arthur"]
[Black "Van der Hagen, Loek"]
[Result "1/2-1/2"]
[TimeControl "90min/40moves + 30min + 30sec/move"]
[WhiteElo "2374"]
[BlackElo "2273"]

1. e4 g6 2. d4 Bg7 3. Nf3 d6 4. Bc4 Nf6 5. Qe2 c6 6. e5 dxe5 7. dxe5 Nd5 8. h3 O-O 9. O-O b5 10.
Bb3 a5 11. a4 b4 12. Rd1 Qc7 13. Nbd2 Na6 14. Nf1 Rd8 15.
Ne3 Bb7 16. Ng4 Nc5 17. Bc4 Nb6 18. Nh6+ Bxh6 19. Bxh6 Nxc4 20. Qxc4 Ne6 21. Re1 c5 22. Ng5 Nxg5 23. Bxg5 Bd5 24. Qh4 Rd7 25. Rad1 Rad8 26. Rd3 c4 27.
Rd4 Be6 28. Red1 Rxd4 29. Rxd4 Rxd4 30. Qxd4 h5 31. Be3 Qd7 32. Qxd7 Bxd7 33. Bb6 Bxa4 34. Bxa5 b3 35. cxb3 cxb3 36. f4 f6 37. exf6 exf6 38. Bc3 Kf7 39. Kf2 Ke6 40. g3 Bc6 41.
h4 Kf5 42. Bd4 g5 43. fxg5 fxg5 44. hxg5 Kxg5 45. Bc3 Kg4 46.
Bh8 Bd5 47. Bc3 Bc4 48. Bd4 1/2-1/2